Map: 瑟拉斯废墟

Players

平步青云

  • Race: Terran Terran

电脑难度 (极难) - Winner!

  • Race: Terran Terran

VOD

Have the link to the VOD?

Description

Time

  • Played on: Jan. 1, 2016, 2:12 a.m.
  • Length: 4:13
Show
View Real Time Build Order
Export as new Build Order

平步青云 Terran 

Build Orders:  

Get SALT Encoding   

  12  0:01  SCV  
  13  0:13  SCV  
  14  0:21  Supply Depot  
  14  0:25  SCV  
  15  0:43  SCV  
  15  0:48  Barracks  
  16  0:58  SCV, Refinery  
  17  1:11  SCV  
  18  1:23  SCV  
  19  1:35  SCV  
  20  1:40  Command Center  
  20  1:43  Marine  
  21  1:51  Barracks  
  21  1:55  SCV  
  22  2:01  Marine  
  23  2:22  Supply Depot  
  23  2:25  Barracks Tech Lab  
  23  2:29  Orbital Command  
  23  2:37  Refinery  
  23  2:47  Supply Depot  
  23  2:48  Barracks Reactor  
  23  2:54  Factory  
  23  2:56  SCV  
  24  3:08  SCV  
  25  3:13  Concussive Shells  
  24  3:20  SCV  
  24  3:24  SCV  
  26  3:31  Marauder  
  26  3:32  SCV  
  29  3:36  SCV  
  29  3:39  Marine  
  29  3:40  Marine  
  32  3:43  Factory Tech Lab  
  32  3:44  SCV  
  33  3:49  SCV  
  34  4:01  SCV  
Show
View Real Time Build Order
Export as new Build Order

电脑难度 (极难) Terran - Winner!

Build Orders:  

Get SALT Encoding   

  12  0:00  SCV  
  13  0:13  SCV  
  14  0:20  Supply Depot  
  14  0:25  SCV  
  15  0:42  SCV  
  16  0:43  Barracks  
  16  0:46  Refinery  
  16  0:54  SCV  
  17  1:03  Barracks  
  17  1:06  SCV  
  18  1:18  SCV  
  19  1:31  Orbital Command  
  19  1:32  Marine  
  20  1:41  Barracks  
  20  1:49  Marine x2  
  22  1:58  Supply Depot  
  22  2:02  SCV  
  22  2:07  Barracks Tech Lab x2  
  23  2:20  SCV  
  24  2:25  Marine x2  
  24  2:28  Marine  
  24  2:29  Concussive Shells  
  27  2:39  Supply Depot  
  27  2:43  Marine x2  
  29  2:46  Marine  
  29  2:47  SCV  
  31  3:01  Marauder  
  31  3:02  Marauder  
  31  3:04  Marine  
  36  3:07  Supply Depot  
  36  3:21  Marine  
  36  3:22  Marine x2  
  39  3:29  SCV  
  39  3:31  Supply Depot  
  40  3:39  Marine  
  40  3:41  Marauder  
  43  3:43  Marauder  
  45  3:51  Refinery  
  49  4:11  Supply Depot  
Tags
 
Add a new tag
Caveats
  • Supply blocks, unpowered buildings, or Contaminate may cause inaccurate times.
  • Supply counts are checked every 10 seconds.